 Dungeon Crawl Stone Soup version 0.21.1-1-g345015f (webtiles) character file.

662 Flooderbenga the Grave Robber (level 7, -3/51 HPs)
             Began as a Gnoll Necromancer on Apr 6, 2018.
             Slain by Prince Ribbit (4 damage)
             ... on level 6 of the Dungeon on Apr 7, 2018.
             The game lasted 01:05:01 (1061 turns).

Flooderbenga the Grave Robber (Gnoll Necromancer)   Turns: 1061, Time: 01:05:02

Health: -3/51      AC: 15    Str: 11    XL:     7   Next: 56%
Magic:  2/15       EV: 14    Int: 19    God:
Gold:   127        SH:  0    Dex: 15    Spells: 3/17 levels left

rFire    . . .     SeeInvis .   w - +2 dagger (protect)
rCold    + . .     Gourm    .   (no shield)
rNeg     . . .     Faith    .   t - +2 leather armour {rC+}
rPois    .         Spirit   .   j - +0 helmet
rElec    .         Reflect  .   g - +1 cloak
rCorr    .         Harm     .   (no gloves)
MR       .....                  (no boots)
Stlth    +++.......             (no amulet)
HPRegen  0.17/turn              x - ring of wizardry
MPRegen  0.14/turn              (no ring)

@: protection aura, very slightly contaminated
A: distributed training, fangs 1, strong nose
a: no special abilities


You were on level 6 of the Dungeon.
You were very hungry.

You visited 2 branches of the dungeon, and saw 7 of its levels.

You collected 127 gold pieces.

Inventory:

Hand Weapons
 a - the +6 trident of Uthrousaph {venom, Str+3}
   (You found it on level 4 of the Dungeon)

   It poisons the flesh of those it strikes.
   It affects your strength (+3).
 b - a +0 hunting sling of freezing
 u - a +0 falchion
 w - a +2 dagger of protection (weapon)
Missiles
 h - 12 poisoned needles
 i - 7 stones (quivered)
 o - 4 curare-tipped needles
 s - 15 sling bullets
 v - 7 tomahawks
Armour
 f - a +0 leather armour
 g - a +1 cloak (worn)
 j - a +0 helmet (worn)
 n - a +0 robe
 t - a +2 leather armour of cold resistance (worn)
Jewellery
 x - a ring of wizardry (left hand)
Scrolls
 e - a scroll of fog {@r4}
 k - a scroll of summoning
 m - a scroll of teleportation {unknown}
 r - a scroll of identify {@r1}
Potions
 l - 4 potions of lignification
 p - a potion of agility {@q5}
 q - a potion of curing {@q1}
 z - a potion of haste {@q3}
Books
 d - a book of Necromancy

   Spells                             Type                      Level
   a - Pain                           Necromancy                   1
   b - Animate Skeleton               Necromancy                   1
   c - Vampiric Draining              Necromancy                   3
   d - Regeneration                   Charms/Necromancy            3
   e - Animate Dead                   Necromancy                   4
   f - Borgnjor's Vile Clutch         Necromancy/Earth             5
Comestibles
 c - 3 rations


   Skills:
 + Level 2.5 Fighting
 + Level 2.5 Short Blades
 + Level 2.5 Long Blades
 + Level 2.5 Axes
 + Level 2.5 Maces & Flails
 + Level 2.5 Polearms
 + Level 2.5 Staves
 + Level 2.5 Slings
 + Level 2.5 Bows
 + Level 2.5 Crossbows
 + Level 2.5 Throwing
 + Level 2.5 Armour
 + Level 5.2 Dodging
 + Level 4.9 Stealth
 + Level 2.5 Shields
 + Level 2.5 Unarmed Combat
 + Level 5.6 Spellcasting
 + Level 2.0 Conjurations
 + Level 2.0 Hexes
 + Level 2.0 Charms
 + Level 2.0 Summonings
 + Level 7.4 Necromancy
 + Level 2.0 Translocations
 + Level 2.0 Transmutations
 + Level 2.0 Fire Magic
 + Level 2.0 Ice Magic
 + Level 2.0 Air Magic
 + Level 2.0 Earth Magic
 + Level 2.0 Poison Magic
 + Level 2.8 Invocations
 + Level 2.5 Evocations


You had 3 spell levels left.
You knew the following spells:

 Your Spells              Type           Power        Failure   Level  Hunger
a - Pain                  Necr           ####         1%          1    None
b - Animate Dead          Necr           N/A          2%          4    ####...
c - Borgnjor's Vile Clut  Necr/Erth      ###.......   24%         5    #####..
r - Regeneration          Chrm/Necr      ###.......   2%          3    ##.....
z - Animate Skeleton      Necr           N/A          1%          1    None


Dungeon Overview and Level Annotations

Branches:
Dungeon (6/15)             Temple (1/1) D:6

Altars:
Ashenzari
Dithmenos
Elyvilon
Fedhas
Gozag
Hepliaklqana
Kikubaaqudgha
Makhleb
Nemelex Xobeh
Okawaru
Ru
Sif Muna
Trog
Wu Jian
Zin
The Shining One

Shops:
D:5 *

Annotations:
D:6 Prince Ribbit


Innate Abilities, Weirdness & Mutations

Your experience applies equally to all skills.
You have very sharp teeth.
Your uncanny sense of smell can sniff out nearby items.


Message History

The floor.
Wield which item (- for none, * to show all)? (? for menu, Esc to quit)
The +6 trident of Uthrousaph {venom, Str+3} stops dripping with poison.
Your +2 dagger of protection hums with potential!
w - a +2 dagger of protection (weapon)
Found a hunting sling.
The helpless Prince Ribbit fails to defend himself.
You impale Prince Ribbit!!
Your weapon exudes an aura of protection.
You bite Prince Ribbit. Prince Ribbit hits you!
* * * LOW HITPOINT WARNING * * *
Prince Ribbit hits you!
* * * LOW HITPOINT WARNING * * *
You take 21 damage, and have 1/51 hp.
MASSIVE DAMAGE!!
Here: Prince Ribbit (heavily wounded)
A scroll of fog.
The floor, spattered with blood.
Aim: Prince Ribbit (heavily wounded, chance to defeat MR: 71%) Prince Ribbit writhes in agony!
Prince Ribbit hits you.
You die...

## ### .. ..#
#. #.# # )###..
#.#.#
..?>..##.#>####
###..........#
#....F@<.#
#.#..##.#.# ∆#.
#..## # ##.# .#
.# #.# .# #.#
.# .# ### #.#
..


You could see Prince Ribbit.

Vanquished Creatures
  An ogre (D:5)
  A centaur (D:5)
  3 scorpions
  A crimson imp (D:5)
  2 orc priests (D:4)
  2 orc wizards
  An iguana (D:4)
  Natasha (D:2)
  A worker ant (D:4)
  A gnoll (D:5)
  3 adders
  A worm (D:3)
  A dart slug (D:1)
  A leopard gecko (D:4)
  21 orcs
  2 bats
  3 giant cockroaches
  3 goblins
  2 hobgoblins
  12 jackals
  2 quokkas
  2 frilled lizards
  4 kobolds
  3 rats
74 creatures vanquished.

Notes
Turn   | Place    | Note
-------+----------+-------------------------------------------
     0 | D:1      | Flooderbenga the Gnoll Necromancer began the quest for the Orb.
     0 | D:1      | Reached XP level 1. HP: 13/13 MP: 6/6
   138 | D:2      | Reached XP level 2. HP: 16/19 MP: 5/7
   158 | D:2      | Learned a level 1 spell: Animate Skeleton
   158 | D:2      | Noticed Natasha
   161 | D:2      | Noticed a crimson imp
   164 | D:2      | Killed Natasha
   164 | D:2      | Reached skill level 5 in Spellcasting
   164 | D:2      | Reached skill level 1 in Invocations
   164 | D:2      | Reached XP level 3. HP: 16/25 MP: 1/9
   179 | D:2      | Learned a level 3 spell: Regeneration
   249 | D:2      | Reached skill level 1 in Fighting
   249 | D:2      | Reached skill level 1 in Short Blades
   249 | D:2      | Reached skill level 1 in Long Blades
   249 | D:2      | Reached skill level 1 in Axes
   249 | D:2      | Reached skill level 1 in Maces & Flails
   249 | D:2      | Reached skill level 1 in Polearms
   249 | D:2      | Reached skill level 1 in Staves
   249 | D:2      | Reached skill level 1 in Slings
   249 | D:2      | Reached skill level 1 in Bows
   249 | D:2      | Reached skill level 1 in Crossbows
   249 | D:2      | Reached skill level 1 in Throwing
   249 | D:2      | Reached skill level 1 in Armour
   249 | D:2      | Reached skill level 1 in Shields
   249 | D:2      | Reached skill level 1 in Unarmed Combat
   249 | D:2      | Reached skill level 1 in Evocations
   368 | D:3      | Reached XP level 4. HP: 31/32 MP: 8/11
   501 | D:3      | Reached skill level 1 in Conjurations
   501 | D:3      | Reached skill level 1 in Hexes
   501 | D:3      | Reached skill level 1 in Charms
   501 | D:3      | Reached skill level 1 in Summonings
   501 | D:3      | Reached skill level 1 in Translocations
   501 | D:3      | Reached skill level 1 in Transmutations
   501 | D:3      | Reached skill level 1 in Fire Magic
   501 | D:3      | Reached skill level 1 in Ice Magic
   501 | D:3      | Reached skill level 1 in Air Magic
   501 | D:3      | Reached skill level 1 in Earth Magic
   501 | D:3      | Reached skill level 1 in Poison Magic
   542 | D:4      | Reached XP level 5. HP: 27/37 MP: 4/12
   551 | D:4      | Learned a level 4 spell: Animate Dead
   557 | D:4      | Learned a level 5 spell: Borgnjor's Vile Clutch
   600 | D:4      | Got an iridescent trident
   603 | D:4      | You fall through a shaft for 2 floors!
   604 | D:6      | Identified the +6 trident of Uthrousaph {venom, Str+3} (You found it on level 4 of the Dungeon)
   724 | D:6      | Found a blossoming altar of Fedhas.
   736 | D:6      | Reached XP level 6. HP: 40/44 MP: 13/13
   742 | D:6      | Found a staircase to the Ecumenical Temple.
   757 | Temple   | Entered the Ecumenical Temple
   875 | D:5      | Entered Level 5 of the Dungeon
   875 | D:5      | Found Gozag's Platinum Reserve.
   881 | D:5      | Found an opulent altar of Gozag.
   892 | D:5      | Reached skill level 5 in Dodging
   924 | D:5      | Reached XP level 7. HP: 42/50 MP: 8/15
  1057 | D:6      | Noticed Prince Ribbit
  1060 | D:6      | HP: 1/51 [Prince Ribbit (7)]
  1061 | D:6      | Slain by Prince Ribbit

Skill      XL: |  1  2  3  4  5  6  7 |
---------------+----------------------+-----
Spellcasting   | 5 |  5.6
Invocations    | 1 2 |  2.8
Fighting       | 1 2 |  2.5
Short Blades   | 1 2 |  2.5
Long Blades    | 1 2 |  2.5
Axes           | 1 2 |  2.5
Maces & Flails | 1 2 |  2.5
Polearms       | 1 2 |  2.5
Staves         | 1 2 |  2.5
Slings         | 1 2 |  2.5
Bows           | 1 2 |  2.5
Crossbows      | 1 2 |  2.5
Throwing       | 1 2 |  2.5
Armour         | 1 2 |  2.5
Shields        | 1 2 |  2.5
Unarmed Combat | 1 2 |  2.5
Evocations     | 1 2 |  2.5
Conjurations   | 1 2 |  2.0
Hexes          | 1 2 |  2.0
Charms         | 1 2 |  2.0
Summonings     | 1 2 |  2.0
Translocations | 1 2 |  2.0
Transmutations | 1 2 |  2.0
Fire Magic     | 1 2 |  2.0
Ice Magic      | 1 2 |  2.0
Air Magic      | 1 2 |  2.0
Earth Magic    | 1 2 |  2.0
Poison Magic   | 1 2 |  2.0
Dodging        | 5 |  5.2
Stealth        | |  4.9
Necromancy     | |  7.4

Action                   |  1- 3 |  4- 6 |  7- 9 || total
-------------------------+-------+-------+-------++-------
Melee: Dagger            |     1 |    23 |     1 ||    25
       Bite              |       |     3 |     2 ||     5
       Trident           |       |    24 |    24 ||    48
 Fire: Hunting sling     |     1 |    14 |       ||    15
 Cast: Pain              |    21 |    34 |     2 ||    57
       Animate Skeleton  |       |     1 |     1 ||     2
       Regeneration      |       |     1 |       ||     1
       Borgnjor's Vile C |       |     1 |     2 ||     3
       Animate Dead      |       |     1 |       ||     1
  Use: Scroll            |       |     8 |     1 ||     9
       Potion            |       |     4 |       ||     4
 Stab: Sleeping          |     1 |     6 |     2 ||     9
  Eat: Chunk             |       |       |     1 ||     1
Armor: Leather armour    |       |    21 |     7 ||    28
Dodge: Dodged            |     1 |    40 |    12 ||    53
